 Dungeon Crawl Stone Soup version 0.19.0-19-g8c6edcc (webtiles) character file.

24911 grisgris the Basher (level 13, -10/82 HPs)
             Began as a Gargoyle Fighter on Nov 13, 2016.
             Was a Priest of Qazlal.
             Mangled by Rupert
             ... wielding a +2 great mace of protection
              (16 damage)
             ... on level 4 of the Lair of Beasts.
             The game lasted 00:42:04 (14183 turns).

grisgris the Basher (Gargoyle Fighter)             Turns: 14183, Time: 00:42:05

Health: -10/82     AC: 25    Str: 32    XL:     13   Next: 16%
Magic:  16/16      EV: 16    Int: 10    God:    Qazlal [***...]
Gold:   852        SH: 18    Dex: 14    Spells: 0 memorised, 12 levels left

rFire  + . .     SeeInvis .     P - +8 whip "Snakebite" {curare, rPois}
rCold  + + .     Gourm    .     u - +0 chain mail
rNeg   + . .     Faith    .     c - +0 shield
rPois  ∞         Spirit   .     (no helmet)
rElec  +         Reflect  .     (no cloak)
rCorr  +         Harm     .     b - +0 pair of gloves {Str+3}
MR     .....                    L - +2 pair of boots of the Assassin {DetectMon Stab+ Stlth++}
Stlth  +.........               (no amulet)
                                h - +3 ring of slaying
                                l - ring of protection from cold

@: mighty, agile, about to teleport, resistant
A: negative energy resistance 1, electricity resistance, unbreathing,
petrification resistance, rot immunity, AC +9
a: Upheaval, Elemental Force, Renounce Religion


You were on level 4 of the Lair of Beasts.
You worshipped Qazlal.
Qazlal was most pleased with you.
You were very hungry.

You visited 3 branches of the dungeon, and saw 15 of its levels.
You also visited: Sewer.

You collected 900 gold pieces.
You spent 48 gold pieces at shops.

Inventory:

Hand Weapons
 E - a +8 whip of flaming
 P - the +8 whip "Snakebite" (weapon) {curare, rPois}
   (You found it on level 2 of the Lair of Beasts)

   It poisons the flesh of those it strikes.
   It protects you from poison.
Armour
 b - a +0 pair of gloves of strength (worn)
 c - a +0 shield (worn)
 u - a +0 chain mail (worn)
 L - the +2 pair of boots of the Assassin (worn) {DetectMon Stab+ Stlth++}
   (You acquired it on level 2 of the Lair of Beasts)

   It makes you much more stealthy.
 T - +0 pearl dragon scales
Jewellery
 h - a +3 ring of slaying (right hand)
 l - a ring of protection from cold (left hand)
 w - a +2 ring of strength {unknown}
Wands
 i - a wand of digging (1/24)
 k - a wand of heal wounds (5/9)
 n - a wand of lightning (6/15)
 I - a wand of flame (48/48)
 M - a wand of slowing (17/48)
Scrolls
 a - 3 scrolls of amnesia
 d - a scroll of identify
 e - 12 scrolls of remove curse
 x - a scroll of fear
 G - 2 scrolls of recharging
 J - 2 scrolls of magic mapping
 O - a scroll of vulnerability {unknown}
Potions
 g - 2 potions of ambrosia {unknown}
 o - 5 potions of flight
 p - a potion of curing
 q - a potion of invisibility {unknown}
 r - a potion of berserk rage {unknown}
 t - a potion of cancellation {unknown}
 v - 2 potions of mutation {unknown}
 A - a potion of resistance
 B - 2 potions of cure mutation {unknown}
 C - a potion of haste {unknown}
 D - a potion of brilliance {unknown}
 F - a potion of magic {unknown}
 N - a potion of might
Books
 y - a book of Misfortune

   Spells                             Type                      Level
   a - Confusing Touch                Hexes                        1
   b - Confuse                        Hexes                        3
   c - Gell's Gravitas                Hexes/Translocation          3
   d - Petrify                        Transmutation/Earth          4
   e - Metabolic Englaciation         Hexes/Ice                    5
   f - Yara's Violent Unravelling     Hexes/Transmutation          5
 K - a book of Conjurations

   Spells                             Type                      Level
   a - Magic Dart                     Conjuration                  1
   b - Searing Ray                    Conjuration                  2
   c - Dazzling Spray                 Conjuration/Hexes            3
   d - Fulminant Prism                Conjuration/Hexes            4
   e - Iskenderun's Mystic Blast      Conjuration                  4
   f - Iskenderun's Battlesphere      Conjuration/Charms           5
 S - a book of Alchemy

   Spells                             Type                      Level
   a - Sublimation of Blood           Necromancy                   2
   b - Ignite Poison                  Fire/Transmutation/Poison    3
   c - Petrify                        Transmutation/Earth          4
   d - Alistair's Intoxication        Transmutation/Poison         5
   e - Irradiate                      Conjuration/Transmutation    5
Comestibles
 f - 2 bread rations
 m - 5 fruits
 s - 2 slices of pizza
 z - 3 meat rations
 R - a beef jerky


   Skills:
 + Level 10.1 Fighting
 + Level 12.5 Maces & Flails
 + Level 10.2 Armour
 + Level 3.7 Dodging
 - Level 1.0 Stealth
 + Level 12.3 Shields
 * Level 5.2 Invocations


You had 12 spell levels left.
You didn't know any spells.

Dungeon Overview and Level Annotations

Branches:
Dungeon (10/15)            Temple (1/1) D:4            Lair (4/6) D:8
  Swamp (0/4) Lair:3        Snake (0/4) Lair:3
    Orc: D:9-12

Altars:
Ashenzari
Cheibriados
Dithmenos
Elyvilon
Fedhas
Gozag
Hepliaklqana
Kikubaaqudgha
Makhleb
Nemelex Xobeh
Okawaru
Qazlal
Ru
Sif Muna
Trog
Uskayaw
Vehumet
Xom
Yredelemnul
Zin
The Shining One

Shops:
D:8 **[   D:9 [

Annotations:
D:10 Urug
Lair:4 Rupert


Innate Abilities, Weirdness & Mutations

You are resistant to torment.
Your stone body is resilient. (AC +9)
You are immune to poison.
You resist negative energy. (rN+)
You are resistant to electric shocks. (rElec)
You can survive without breathing.
You are immune to petrification.
You are immune to rotting.


Message History

* * * LOW HITPOINT WARNING * * *
You feel protected. You block Rupert's attack. Rupert barely misses you.
You feel very mighty all of a sudden. Rupert misses you.
You see here a green potion.
You barely miss Rupert.
Rupert is moderately wounded.
You block Rupert's attack. Rupert misses you.
Rupert hits you with a great mace of protection!!
* * * LOW HITPOINT WARNING * * *
You feel agile all of a sudden. You block Rupert's attack.
As you read the scroll of fear, it crumbles to dust.
You assume a fearsome visage.
Rupert easily resists.
Rupert barely misses you.
As you read the scroll of teleportation, it crumbles to dust.
You feel strangely unstable.
Rupert hits you with a great mace of protection!
You die...

#...##...>...# #....###
#.........P..# #.##.#.##
P......#.P#########....#
.........## #....#....#
........#.# #.........#
...P...#### #(.......##
...#.... #.##.......##
###.#.### #.>.........##
.... ....#@......#
..####@.....# . #......#
###...## #P.## ##.# #.!#
##†# #P.#


You could see Rupert (berserk).

Vanquished Creatures
  A hydra (Lair:2)
  3 death yaks (Lair:4)
  Pikel (D:7)
  6 elephants
  3 black mambas
  Maurice (D:7)
  Joseph (D:8)
  A spiny frog (Lair:3)
  4 komodo dragons
  A troll (D:8)
  3 tyrant leeches (Lair:3)
  2 two-headed ogres
  A dream sheep (Lair:3)
  15 blink frogs
  6 hippogriffs
  A spriggan (Lair:3)
  3 wyverns
  26 yaks
  2 hungry ghosts
  4 nagas (Lair:3)
  15 water moccasins
  4 porcupines
  Duvessa (D:7)
  3 ice beasts (D:7)
  A sky beast (D:5)
  An orc warrior (D:8)
  A black bear (Lair:1)
  2 ogres (D:6)
  2 phantoms (D:4)
  A necrophage (D:8)
  6 centaurs
  6 crocodiles
  2 big kobolds
  10 bullfrogs
  3 scorpions
  Dowan (D:7)
  5 wights (D:6)
  An electric eel (Lair:3)
  6 howler monkeys
  A centaur zombie (D:6)
  6 crimson imps
  2 bullfrog zombies
  A jelly (D:6)
  An orc priest (D:6)
  6 hounds
  5 orc wizards
  6 iguanas
  8 worker ants
  A hound zombie (D:7)
  2 hound skeletons
  A howler monkey zombie (D:9)
  A howler monkey skeleton (D:9)
  14 adders
  3 shadow imps
  An adder skeleton (D:9)
  4 worms
  A dart slug (D:3)
  6 leopard geckos
  20 orcs
  2 giant cockroaches (D:3)
  2 goblins
  3 hobgoblins
  10 jackals
  4 quokkas
  A ball python (D:2)
  2 bats (D:1)
  5 frilled lizards
  19 kobolds
  2 leopard gecko zombies (D:5)
  A quokka skeleton (D:6)
  14 rats
  5 fungi
316 creatures vanquished.

Vanquished Creatures (others)
  A slave (D:7)
  A worker ant (D:7)
  2 fungi (Lair:4)
  A plant (Lair:4)
5 creatures vanquished.

Grand Total: 321 creatures vanquished

Notes
Turn   | Place    | Note
-------+----------+-------------------------------------------
     0 | D:1      | grisgris the Gargoyle Fighter began the quest for the Orb.
     0 | D:1      | Reached XP level 1. HP: 14/14 MP: 1/1
   134 | D:2      | Reached XP level 2. HP: 19/19 MP: 2/2
   198 | D:2      | Reached XP level 3. HP: 9/23 MP: 3/3
   449 | D:3      | Found a glowing drain.
   453 | Sewer    | Entered a sewer
   503 | Sewer    | Noticed a big kobold
   574 | Sewer    | Reached XP level 4. HP: 29/29 MP: 4/4
   605 | Sewer    | Killed a big kobold
   605 | Sewer    | Reached XP level 5. HP: 33/33 MP: 5/5
   616 | Sewer    | Found a white marble altar of Elyvilon.
   814 | D:3      | Found a faded altar of an unknown god.
   866 | D:3      | Found an iron altar of Okawaru.
  1007 | D:4      | Reached skill level 1 in Dodging
  1297 | D:5      | Entered Level 5 of the Dungeon
  1318 | D:5      | Noticed a sky beast
  1336 | D:5      | Killed a sky beast
  1336 | D:5      | Reached XP level 6. HP: 27/38 MP: 6/6
  1374 | D:5      | Found a blossoming altar of Fedhas.
  1419 | D:5      | Reached skill level 5 in Shields
  1942 | D:5      | Reached XP level 7. HP: 33/43 MP: 7/7
  2291 | D:6      | Reached skill level 5 in Maces & Flails
  2291 | D:6      | Reached skill level 5 in Armour
  2861 | D:6      | Reached XP level 8. HP: 47/48 MP: 8/8
  3030 | D:6      | Reached skill level 1 in Stealth
  3199 | D:6      | Reached skill level 5 in Fighting
  3795 | D:7      | Noticed Dowan
  3810 | D:7      | Killed Dowan
  3819 | D:7      | Noticed Duvessa
  3850 | D:7      | Killed Duvessa
  3850 | D:7      | Reached XP level 9. HP: 28/54 MP: 9/9
  4312 | D:7      | Found a shattered altar of Ashenzari.
  4312 | D:7      | Found a sacrificial altar of Ru.
  4336 | D:7      | Noticed Pikel
  4367 | D:7      | Killed Pikel
  5054 | D:8      | Noticed Joseph
  5089 | D:8      | Killed Joseph
  5089 | D:8      | Reached XP level 10. HP: 25/61 MP: 10/10
  5315 | D:8      | Found a burning altar of Makhleb.
  5434 | D:8      | Found Pojum's Assorted Antiques.
  5556 | D:8      | Found a staircase to the Lair.
  5779 | D:8      | Found Hyif Ebbofud's Antique Armour Boutique.
  5823 | D:8      | Noticed Maurice
  5946 | D:7      | Killed Maurice
  5985 | D:8      | Noticed a moth of wrath
  5988 | D:8      | Found a bloodstained altar of Trog.
  6240 | D:8      | Found Rehaona's Assorted Antiques.
  6258 | D:8      | Bought a scroll labeled DUDARE WIXIOME for 24 gold pieces
  6258 | D:8      | Bought a scroll labeled DUDARE WIXIOME for 24 gold pieces
  8023 | D:4      | Found a staircase to the Ecumenical Temple.
  8036 | Temple   | Entered the Ecumenical Temple
  8044 | Temple   | Became a worshipper of Qazlal Stormbringer
  8204 | D:4      | Found an ancient bone altar of Kikubaaqudgha.
  8650 | D:8      | Reached skill level 10 in Maces & Flails
  8930 | D:9      | Found Uleg's Antique Armour Shop.
  9412 | D:10     | Entered Level 10 of the Dungeon
  9421 | D:10     | Noticed an enchanted long sword
  9422 | D:10     | Noticed Urug
  9423 | D:10     | Noticed a deep elf knight
  9539 | Lair:1   | Entered Level 1 of the Lair of Beasts
  9894 | Lair:1   | Reached XP level 11. HP: 55/68 MP: 11/11
 10104 | Lair:1   | Reached * piety under Qazlal
 10240 | Lair:1   | Reached skill level 10 in Shields
 10857 | Lair:2   | Identified a scroll of acquirement
 11064 | Lair:2   | Noticed a seven-headed hydra
 11092 | Lair:2   | Killed a seven-headed hydra
 11907 | Lair:2   | Reached ** piety under Qazlal
 11922 | Lair:2   | Reached XP level 12. HP: 55/76 MP: 12/12
 12097 | Lair:2   | Reached skill level 1 in Invocations
 12530 | Lair:3   | Found a staircase to the Swamp.
 12665 | Lair:3   | Found a staircase to the Snake Pit.
 13454 | Lair:4   | Noticed a death yak
 13482 | Lair:4   | Killed a death yak
 13495 | Lair:4   | Reached *** piety under Qazlal
 13497 | Lair:4   | Reached skill level 10 in Armour
 13672 | Lair:4   | Reached XP level 13. HP: 65/82 MP: 16/16
 13683 | Lair:4   | Reached skill level 10 in Fighting
 13686 | Lair:4   | Reached skill level 5 in Invocations
 14145 | Lair:4   | Noticed Rupert
 14183 | Lair:4   | Mangled by Rupert

Skill      XL: |  1  2  3  4  5  6  7  8  9 10 11 12 13 |
---------------+----------------------------------------+-----
Shields        | 4 5 6 8 9 10 12 | 12.3
Maces & Flails | 3 4 5 7 9 10 11 12 | 12.5
Dodging        | 1 2 3 |  3.7
Armour         | 4 5 6 7 9 10 | 10.2
Fighting       | 4 5 6 7 9 10 | 10.1
Stealth        | 1 |  1.0
Invocations    | 4 5 |  5.2

Action                   |  1- 3 |  4- 6 |  7- 9 | 10-12 | 13-15 || total
-------------------------+-------+-------+-------+-------+-------++-------
Melee: Whip              |    51 |    24 |    70 |  1079 |    51 ||  1275
       Flail             |    61 |   136 |   347 |       |       ||   544
  Use: Potion            |       |       |     1 |     6 |     4 ||    11
       Scroll            |       |       |       |    27 |     2 ||    29
  Eat: Chunk             |       |     4 |     4 |    16 |       ||    24
       Fruit             |       |       |     2 |       |       ||     2
       Bread ration      |       |       |     1 |       |       ||     1
       Meat ration       |       |       |     1 |     1 |       ||     2
       Beef jerky        |       |       |       |     3 |       ||     3
Armor: Scale mail        |    55 |    39 |       |       |       ||    94
       Chain mail        |       |    39 |   184 |   335 |     5 ||   563
Dodge: Dodged            |    29 |    53 |    87 |   172 |     9 ||   350
Block: Shield            |    60 |    83 |   199 |   426 |    20 ||   788
